AoeStats
← qeczas

Black Forest

506944202Analyzed
4v4 RM · 16d ago on Sep 15, 2026· 44m 20s· 8 players
Game mode
Random Map
Map size
Large (8 player)
Population
200
Speed
Normal
Resources
Standard
Victory
Conquest
Starting age
Dark Age
Ending age
Imperial Age
RankedLock teamsTeams togetherTeam positionsShared explorationLock speedFull tech treeHidden civsTurbo modeCheats
Victory
Defeat
🇨🇦 Italians · Canada
1059
+14
🇷🇺 Inca · Russia
1015
+16
🇪🇸 Spanish · Spain
1009
+16
🇲🇽 Teutons · Mexico
965
+19
🇦🇷 Portuguese · Argentina
1102
-19
🇦🇷 Mongols · Argentina
1024
-17
🇦🇷 Goths · Argentina
983
-15
🇦🇺 Persians · Australia
959
-14
SER
10:10 Feudal Age
10:43 Loom
10:22 Man-at-Arms
11:03 Arson
12:36 Double-Bit Axe
13:46 Forging
14:12 Scale Mail Armor
20:07 Fishing Lines
27:46 Castle Age
28:22 Gillnets
28:47 Bow Saw
31:16 Scale Barding Armor
33:34 Chain Barding Armor
33:26 Bloodlines
40:11 Imperial Age
37:27 Town Watch
38:21 Iron Casting
38:40 Stone Mining
38:42 Gold Mining
40:40 Fletching
41:12 Ballistics
40:16 Cavalier
42:40 Plate Barding Armor
43:35 Chemistry
43:37 Blast Furnace
41:59 Paladin
43:25 Town Patrol
45:17 Two-Man Saw
jean-danie1
4:37 Loom
11:20 Feudal Age
11:55 Double-Bit Axe
18:36 Castle Age
16:28 Horse Collar
16:30 Fishing Lines
17:08 Gold Mining
17:39 Padded Archer Armor
17:51 Fletching
19:10 Forging
19:19 Bodkin Arrow
20:42 Heavy Plow
20:45 Gillnets
21:44 Bow Saw
22:13 Ballistics
23:18 Leather Archer Armor
24:32 Wheelbarrow
30:02 Imperial Age
29:03 Masonry
30:29 Hand Cart
31:28 Crop Rotation
32:38 Chemistry
32:21 Architecture
33:02 Illumination
32:55 Block Printing
33:22 Theocracy
34:20 Two-Man Saw
34:12 Bracer
34:54 Ring Archer Armor
35:54 Scale Barding Armor
35:50 Scale Mail Armor
36:25 Iron Casting
36:50 Bombard Tower
37:02 Conscription
37:08 Elite Genoese Crossbowman
39:56 Blast Furnace
39:12 Chain Mail Armor
rovaal5
0:34 Loom
11:51 Feudal Age
16:42 Castle Age
15:02 Stone Mining
18:06 Bloodlines
17:59 Husbandry
19:31 Fletching
22:21 Bodkin Arrow
23:04 Horse Collar
24:53 Gold Mining
26:13 Squires
27:57 Double-Bit Axe
29:26 Heavy Plow
30:45 Wheelbarrow
35:44 Imperial Age
34:01 Pikeman
34:27 Gambesons
34:28 Arson
36:30 Hand Cart
36:53 Conscription
37:57 Capped Ram
38:29 Cavalier
39:40 Bracer
39:51 Forging
39:47 Scale Barding Armor
40:17 Padded Archer Armor
40:47 Elite Conquistador
43:35 Iron Casting
44:55 Hoardings
qeczas
1:58 Loom
10:23 Feudal Age
14:34 Wheelbarrow
18:01 Castle Age
15:51 Double-Bit Axe
16:08 Horse Collar
20:17 Bow Saw
20:59 Heavy Plow
24:10 Scale Mail Armor
24:01 Fletching
24:00 Treadmill Crane
25:16 Hand Cart
25:39 Squires
25:37 Gold Mining
27:07 Gold Shaft Mining
26:37 Stone Mining
27:41 Bodkin Arrow
28:02 Chain Mail Armor
28:11 Ballistics
28:02 Fortified Wall
28:17 Ballistics
32:36 Imperial Age
31:16 Padded Archer Armor
31:32 Elite Skirmisher
32:45 Town Watch
33:43 Conscription
33:41 Bracer
34:12 Plate Mail Armor
36:00 Masonry
36:57 Guilds
36:09 Elite Kamayuk
37:36 Leather Archer Armor
37:31 Forging
37:27 Andean Sling
38:45 Crop Rotation
39:03 Caravan
40:03 Ring Archer Armor
40:09 Iron Casting
40:16 Hoardings
42:01 Chemistry
43:28 Blast Furnace
43:11 Champi Runner
Mortadela
11:23 Feudal Age
12:48 Loom
17:11 Castle Age
15:18 Double-Bit Axe
15:16 Horse Collar
18:55 Wheelbarrow
23:12 Elite Skirmisher
30:33 Fletching
31:33 Fortified Wall
33:30 Bow Saw
33:35 Bodkin Arrow
33:41 Padded Archer Armor
38:05 Imperial Age
36:40 Heavy Plow
37:05 Ballistics
37:01 Leather Archer Armor
36:56 Husbandry
37:10 Bloodlines
37:57 Nomads
38:32 Gold Mining
38:10 Onager
39:18 Drill
40:15 Siege Onager
42:26 Chemistry
Pem
0:52 Loom
14:00 Feudal Age
20:06 Castle Age
18:10 Double-Bit Axe
18:06 Horse Collar
18:18 Stone Mining
18:19 Gold Mining
31:34 Imperial Age
30:33 Anarchy
31:40 Heavy Plow
31:51 Bow Saw
32:27 Wheelbarrow
33:46 Scale Mail Armor
36:08 Perfusion
36:28 Conscription
36:12 Squires
36:51 Forging
38:52 Hand Cart
Pablo
14:24 Feudal Age
16:46 Loom
25:06 Castle Age
34:39 Imperial Age
32:20 Double-Bit Axe
33:09 Gold Mining
36:23 Arquebus
39:52 Chemistry
39:53 Bow Saw
Aquillo
13:06 Feudal Age
14:02 Loom
21:15 Castle Age
20:22 Horse Collar
20:35 Stone Mining
20:33 Double-Bit Axe
20:40 Gold Mining
23:06 Bow Saw
23:23 Fletching
23:46 Town Watch
24:45 Gold Shaft Mining
28:24 Forging
28:20 Scale Barding Armor
31:31 Imperial Age
29:18 Kamandaran
30:11 Wheelbarrow
29:39 Heavy Plow
30:49 Town Patrol
31:06 Hand Cart
30:54 Bodkin Arrow
31:00 Padded Archer Armor
31:21 Chain Barding Armor
31:37 Iron Casting
30:42 Crossbowman
33:16 Two-Man Saw
32:22 Husbandry
32:33 Bloodlines
33:19 Crop Rotation
34:20 Chemistry
33:40 Leather Archer Armor
35:12 Ring Archer Armor
35:18 Plate Barding Armor
35:43 Blast Furnace
35:26 Thumb Ring
34:59 Heavy Camel Rider
36:26 Ballistics
36:02 Murder Holes
36:57 Elite War Elephant
37:51 Citadels
38:02 Conscription
38:18 Caravan
38:45 Light Cavalry
40:07 Masonry
40:45 Hoardings
42:43 Devotion
43:56 Scale Mail Armor
Connection lost

Rejoining the realm…

Still unreachable

The connection could not be restored.

Session expired

The server has moved on; the page needs a fresh start.